[Event "Titled Tuesday Blitz March 22 Late 2022"]
[White "Fajdetic, Hrvoje"]
[Black "Olsen, Filip Boe"]
[WhiteFideId "14501945"]
[BlackFideId "1440640"]
[WhiteElo "2172"]
[BlackElo "2188"]
[Result "1/2-1/2"]
[Round "06"]
[TimeControl "180+1"]
[Date "2022.03.22"]
[WhiteClock "0:00:08"]
[BlackClock "0:00:26"]

1. d4 d5 2. Bf4 Nf6 3. e3 e6 4. Nf3 c5 5. Nc3 Be7 6. Nb5 Na6 7. c3 O-O 8. a4 Nh5 9. Be5 f6 10. Bg3 Nxg3 11. hxg3 Nc7 12. Bd3 g6 13. Qc2 Kg7 14. Nxc7 Qxc7 15. Nh4 f5 16. Nf3 c4 17. Be2 b6 18. Ne5 Bf6 19. f4 a6 20. g4 fxg4 21. Nxg4 Bd7 22. Nxf6 Rxf6 23. g4 Rb8 24. g5 Rf7 25. Bg4 b5 26. axb5 axb5 27. Qh2 Kg8 28. Ra6 Rb6 29. Ra8+ Rb8 30. Rxb8+ Qxb8 31. Qh3 Qb6 32. Kf2 Re7 33. Ra1 Qb7 34. Qh1 b4 35. Ra2 bxc3 36. bxc3 Re8 37. Qa1 Rf8 38. Ra7 Qb5 39. Qa6 Qb2+ 40. Kf3 Qd2 41. Rxd7 Qd1+ 42. Kg3 Qg1+ 43. Kh4 Qf2+ 44. Kh3 Qf1+ 45. Kg3 Qg1+ 46. Kh4 Qf2+ 47. Kh3 Qf1+ 48. Kg3 Qg1+ 1/2-1/2


[Site "https://www.chess.com"]

[Event "Titled Tuesday Blitz March 22 Late 2022"]
[White "Fernandez, Daniel Howard"]
[Black "Cavanah, Troy"]
[WhiteFideId "5801605"]
[BlackFideId "30949670"]
[WhiteElo "2466"]
[BlackElo "1878"]
[Result "1-0"]
[Round "06"]
[TimeControl "180+1"]
[Date "2022.03.22"]
[WhiteClock "0:00:06"]
[BlackClock "0:00:05"]

1. e4 c5 2. Nf3 d6 3. d4 cxd4 4. Nxd4 Nf6 5. Nc3 a6 6. Bg5 e6 7. f4 h6 8. Bh4 Qb6 9. a3 Be7 10. Bf2 Qc7 11. Qf3 Nc6 12. O-O-O Bd7 13. Rg1 b5 14. g4 Rc8 15. Nxc6 Bxc6 16. Bd3 d5 17. e5 d4 18. Ne4 Nxe4 19. Bxe4 Bd5 20. Rd2 Bxe4 21. Qxe4 O-O 22. g5 hxg5 23. fxg5 Qc4 24. Kb1 g6 25. Rxd4 Qc6 26. Qxc6 Rxc6 27. h4 Bc5 28. Rf4 Bxf2 29. Rxf2 Rc5 30. Re1 Rd8 31. Kc1 Rdd5 32. Rfe2 Rd4 33. Re4 Rdd5 34. b3 Rc3 35. R1e3 Rc7 36. a4 Rdc5 37. Re2 bxa4 38. Rxa4 a5 39. Kb2 Rd7 40. Re3 Rdd5 41. Rae4 Kg7 42. c3 Rd2+ 43. Ka3 Rd1 44. b4 axb4+ 45. cxb4 Rcd5 46. Rb3 Ra1+ 47. Kb2 Rh1 48. b5 Rd2+ 49. Kc3 Rd8 50. b6 Rc8+ 51. Kb2 Rh2+ 52. Ka3 Ra8+ 53. Ra4 Rb8 54. b7 Rc2 55. Ra8 Rxb7 56. Rxb7 Rc3+ 57. Kb4 Rh3 58. Rbb8 Rf3 59. Rg8+ Kh7 60. Rh8+ Kg7 61. Rag8# 1-0


[Site "https://www.chess.com"]

[Event "Titled Tuesday Blitz March 22 Late 2022"]
[White "Ferreira, Vitor Hugo Vieira"]
[Black "Szpar, Milosz"]
[WhiteFideId "2119765"]
[BlackFideId "1184989"]
[WhiteElo "2165"]
[BlackElo "2447"]
[Result "1-0"]
[Round "06"]
[TimeControl "180+1"]
[Date "2022.03.22"]
[WhiteClock "0:00:41"]
[BlackClock "0:01:39"]

1. e4 e6 2. d4 d5 3. Nc3 Nf6 4. Bg5 dxe4 5. Nxe4 Be7 6. Bxf6 gxf6 7. Qd2 f5 8. Nc3 a6 9. O-O-O b5 10. Kb1 Bb7 11. f3 Nd7 12. d5 Nc5 13. dxe6 Qxd2 14. exf7+ Kxf7 15. Rxd2 Rad8 16. Rxd8 Rxd8 17. a3 Bf6 18. Be2 Bxc3 19. bxc3 Na4 20. c4 Rd2 21. Kc1 Rd4 22. cxb5 Nc3 23. bxa6 Bd5 24. Bd3 Kf6 25. Kd2 Nb1+ 26. Ke3 Ra4 27. c4 Bxc4 28. Bxb1 Rxa3+ 29. Kf4 Bf1 30. h4 Ra4+ 31. Kg3 f4+ 32. Kf2 Bxa6 33. Ne2 Rb4 34. Rd1 Rb2 35. Bd3 Bxd3 36. Rxd3 Kf5 37. Rd4 Ke5 38. Re4+ Kf5 39. Rxf4+ 1-0


[Site "https://www.chess.com"]

[Event "Titled Tuesday Blitz March 22 Late 2022"]
[White "Fiol, Fabrice"]
[Black "Zhou, Qiyu"]
[WhiteFideId "611670"]
[BlackFideId "505161"]
[WhiteElo "2438"]
[BlackElo "1925"]
[Result "1/2-1/2"]
[Round "06"]
[TimeControl "180+1"]
[Date "2022.03.22"]
[WhiteClock "0:00:11"]
[BlackClock "0:00:04"]

1. e4 e5 2. Nf3 Nc6 3. Bc4 Bc5 4. d3 Nf6 5. h3 O-O 6. c3 a5 7. O-O Ba7 8. Bb3 h6 9. Re1 d6 10. Nbd2 Be6 11. Nf1 Ne7 12. Ng3 Kh7 13. d4 exd4 14. Nxd4 Bxb3 15. Qxb3 Qc8 16. Ndf5 Nxf5 17. Nxf5 Nxe4 18. Ne7 Bxf2+ 19. Kf1 Qe6 20. Qxe6 fxe6 21. Rxe4 Bh4+ 22. Ke2 Bxe7 23. Rxe6 Bh4 24. Be3 Rae8 25. Rxe8 Rxe8 26. Kd3 c6 27. a4 Rf8 28. Bb6 Rf5 29. b4 axb4 30. cxb4 Bf6 31. Re1 Rd5+ 32. Kc4 Rd2 33. g4 Rc2+ 34. Kd3 Rc3+ 35. Ke4 Rxh3 36. Kf5 Rf3+ 37. Ke6 d5 38. Kd7 Rf4 39. Bc5 Rxg4 40. Kc8 Bd4 41. Bd6 Bc3 42. Rb1 d4 43. Kxb7 d3 44. a5 d2 45. a6 Bxb4 46. a7 Bxd6 47. a8=Q Rb4+ 48. Rxb4 d1=Q 49. Ra4 Qd5 50. Kc8 Qe6+ 51. Kb7 Qd5 52. Kc8 Qe6+ 53. Kb7 Qd5 1/2-1/2


[Site "https://www.chess.com"]

[Event "Titled Tuesday Blitz March 22 Late 2022"]
[White "Fishbein, Alexander"]
[Black "Almagro Mazariegos, Sebastian"]
[WhiteFideId "2000377"]
[BlackFideId "2221640"]
[WhiteElo "2442"]
[BlackElo "2273"]
[Result "1-0"]
[Round "06"]
[TimeControl "180+1"]
[Date "2022.03.22"]
[WhiteClock "0:00:28"]
[BlackClock "0:00:13"]

1. Nf3 Nf6 2. c4 g6 3. Nc3 Bg7 4. e4 O-O 5. d4 d6 6. Be2 c5 7. d5 e6 8. O-O Re8 9. h3 exd5 10. exd5 Bf5 11. Bd3 Bxd3 12. Qxd3 Nbd7 13. Bf4 Qb6 14. Nb5 Bf8 15. Qb3 Ne4 16. Rfe1 a6 17. Nc3 Nxc3 18. Qxc3 Bg7 19. Qc2 Qxb2 20. Qxb2 Bxb2 21. Rab1 Rxe1+ 22. Nxe1 Be5 23. Rxb7 Bxf4 24. Rxd7 Rb8 25. g3 Rb1 26. gxf4 Rxe1+ 27. Kg2 Rc1 28. Rxd6 Rxc4 29. Rxa6 Rd4 30. d6 c4 31. Rc6 c3 32. Rxc3 Rxd6 33. a4 Rd4 34. Ra3 Rxf4 35. a5 Rc4 36. a6 Rc8 37. Kf3 Kf8 38. Ke4 Ke7 39. a7 Ra8 40. Ra6 h6 41. f4 Kd7 42. Ke5 Ke7 43. h4 g5 44. fxg5 hxg5 45. hxg5 Kf8 46. Kd6 Kg7 47. Kc7 1-0


[Site "https://www.chess.com"]

[Event "Titled Tuesday Blitz March 22 Late 2022"]
[White "Gabrielian, Artur"]
[Black "Rosen, Eric"]
[WhiteFideId "4131002"]
[BlackFideId "2032562"]
[WhiteElo "2440"]
[BlackElo "2362"]
[Result "1-0"]
[Round "06"]
[TimeControl "180+1"]
[Date "2022.03.22"]
[WhiteClock "0:00:10"]
[BlackClock "0:00:01"]

1. e4 c5 2. Nc3 a6 3. g3 b5 4. Bg2 Bb7 5. f4 e6 6. Nh3 b4 7. Ne2 d5 8. f5 exf5 9. exf5 Nf6 10. O-O Be7 11. Nef4 O-O 12. d3 h6 13. g4 Nh7 14. Nh5 Nd7 15. N3f4 Ndf6 16. Be3 Qc7 17. Qf3 Rad8 18. Rae1 Rfe8 19. Qg3 d4 20. Bd2 Bxg2 21. Qxg2 Bd6 22. h4 Rxe1 23. Rxe1 Re8 24. Rxe8+ Nxe8 25. Nd5 Qd8 26. Qe4 Nef6 27. Ndxf6+ Nxf6 28. Nxf6+ Qxf6 29. g5 hxg5 30. hxg5 Qe7 31. Qa8+ Kh7 32. g6+ fxg6 33. Qh1+ Kg8 34. fxg6 Qe5 35. Qa8+ Bb8 36. Qg2 a5 37. b3 Qf6 38. Qd5+ Kf8 39. Qxc5+ Ke8 40. Qb5+ 1-0


[Site "https://www.chess.com"]

[Event "Titled Tuesday Blitz March 22 Late 2022"]
[White "Gatterer, Florian"]
[Black "Kohler, Aran"]
[WhiteFideId "811688"]
[BlackFideId "1002856"]
[WhiteElo "2218"]
[BlackElo "2290"]
[Result "1-0"]
[Round "06"]
[TimeControl "180+1"]
[Date "2022.03.22"]
[WhiteClock "0:00:07"]
[BlackClock "0:00:11"]

1. e4 c6 2. d4 d5 3. e5 c5 4. dxc5 Nc6 5. Nf3 Bg4 6. c3 e6 7. Bb5 Qc7 8. Be3 O-O-O 9. O-O Nxe5 10. Be2 Nxf3+ 11. Bxf3 Bxf3 12. Qxf3 Bxc5 13. Bxc5 Qxc5 14. Qxf7 Qe7 15. Qf3 Nf6 16. Nd2 Rhf8 17. Qe3 Kb8 18. h3 e5 19. Rae1 Rfe8 20. Nb3 Ne4 21. Nd2 Nxd2 22. Qxd2 e4 23. Qf4+ Qc7 24. Qxc7+ Kxc7 25. Rd1 Rd6 26. Rfe1 Red8 27. Rd4 b5 28. a4 a6 29. Re3 g5 30. f3 exf3 31. Rxf3 h5 32. axb5 axb5 33. Rf5 g4 34. Rxh5 gxh3 35. Rxh3 Kc6 36. Rh5 Rg8 37. g4 Rdg6 38. Rh4 Kc5 39. Kg2 Re6 40. Rh5 Re2+ 41. Kf3 Rxb2 42. Rhxd5+ Kb6 43. Rb4 Rxb4 44. cxb4 Rc8 45. Rd4 Rc3+ 46. Kf4 Rc4 47. Ke4 Rc1 48. g5 Rf1 49. Ke5 Kc6 50. Rf4 Re1+ 51. Kf6 Kd5 52. g6 Re6+ 53. Kf7 Rc6 54. g7 Rc7+ 55. Kg6 Rc6+ 56. Kh7 Rc7 57. Kh8 Rc4 58. Rxc4 Kxc4 59. g8=Q+ Kxb4 60. Qa2 Kc3 61. Qb1 b4 62. Kg7 b3 63. Kf6 b2 64. Ke5 Kb3 65. Kd4 Ka3 66. Kc3 Ka4 67. Qxb2 1-0


[Site "https://www.chess.com"]

[Event "Titled Tuesday Blitz March 22 Late 2022"]
[White "Gokerkan, Cem Kaan"]
[Black "Godzwon, Iwo"]
[WhiteFideId "6336760"]
[BlackFideId "21802483"]
[WhiteElo "2382"]
[BlackElo "2201"]
[Result "0-1"]
[Round "06"]
[TimeControl "180+1"]
[Date "2022.03.22"]
[WhiteClock "0:00:01"]
[BlackClock "0:00:34"]

1. c4 Nf6 2. Nc3 d5 3. cxd5 Nxd5 4. e4 Nb4 5. d3 c5 6. a3 N4c6 7. Be3 Nd4 8. g3 Nbc6 9. Bg2 Be6 10. Rc1 g6 11. Nf3 Bg7 12. Ng5 Bb3 13. Qd2 h6 14. Nf3 Be6 15. Bxd4 cxd4 16. Ne2 Qb6 17. Nf4 Bd7 18. O-O e6 19. Qc2 O-O 20. Nd2 Ne5 21. b4 Bb5 22. Nc4 Qa6 23. Qb3 Rfc8 24. Nxe5 Bxe5 25. Rfe1 Bxf4 26. gxf4 Bxd3 27. Red1 Be2 28. Re1 d3 29. Qb2 Rc4 30. Bf1 Bxf1 31. Rxc4 Qxc4 32. Rxf1 Qxe4 0-1


[Site "https://www.chess.com"]

[Event "Titled Tuesday Blitz March 22 Late 2022"]
[White "Golubev, Mikhail"]
[Black "Fernandez Siles, Luis"]
[WhiteFideId "14100983"]
[BlackFideId "2209420"]
[WhiteElo "2374"]
[BlackElo "2212"]
[Result "0-1"]
[Round "06"]
[TimeControl "180+1"]
[Date "2022.03.22"]
[WhiteClock "0:00:01"]
[BlackClock "0:00:41"]

1. d4 Nf6 2. c4 g6 3. Nf3 Bg7 4. g3 O-O 5. Bg2 d6 6. O-O c6 7. Nc3 Qa5 8. e4 e5 9. h3 exd4 10. Nxd4 Qc5 11. Nb3 Qb4 12. Bf4 Ne8 13. Re1 Qxc4 14. Bxd6 Nxd6 15. Qxd6 Bxc3 16. bxc3 Qxc3 17. e5 Na6 18. Rad1 Be6 19. Qe7 Qb4 20. Qf6 Rfe8 21. Nd4 Qe7 22. Qxe7 Rxe7 23. Nxe6 Rxe6 24. Rb1 Nc5 25. f4 Rd8 26. Rec1 b6 27. a4 g5 28. a5 gxf4 29. gxf4 Rg6 30. Kh1 Rd2 31. Rg1 Nd3 32. Bxc6 Nf2+ 33. Kh2 Ng4+ 34. Kg3 Nxe5+ 35. Kh4 Nxc6 36. axb6 axb6 37. f5 Rxg1 38. Rxg1+ Kf8 39. Rb1 Rd4+ 40. Kg5 Rb4 0-1


[Site "https://www.chess.com"]

[Event "Titled Tuesday Blitz March 22 Late 2022"]
[White "Grischuk, Alexander"]
[Black "Kamsky, Gata"]
[WhiteFideId "4126025"]
[BlackFideId "2000024"]
[WhiteElo "2762"]
[BlackElo "2645"]
[Result "1-0"]
[Round "06"]
[TimeControl "180+1"]
[Date "2022.03.22"]
[WhiteClock "0:00:04"]
[BlackClock "0:00:01"]

1. e4 g6 2. d4 Bg7 3. Nf3 d6 4. Bd3 Nc6 5. O-O Nf6 6. Re1 e5 7. dxe5 Nxe5 8. Nxe5 dxe5 9. a4 O-O 10. Nd2 Qe7 11. b3 Rd8 12. Nc4 Nh5 13. Qf3 a5 14. Bd2 b6 15. Rad1 Bb7 16. Ne3 Nf6 17. Bc3 h5 18. Nc4 Nd7 19. Bb2 Qe8 20. Ba3 Bf8 21. Bc1 Qe7 22. Qg3 Bg7 23. h3 Qe6 24. Bg5 Bf6 25. Be3 Qe7 26. Bc1 Qe6 27. Ne3 Nc5 28. Bc4 Nxe4 29. Qxg6+ fxg6 30. Bxe6+ Kg7 31. Bd5 Nc5 32. Bb2 c6 33. Bc4 e4 34. Bxf6+ Kxf6 35. Be2 Ne6 36. Kf1 Nd4 37. Rd2 b5 38. Red1 Ke5 39. c3 Ne6 40. axb5 Rxd2 41. Rxd2 cxb5 42. Bxb5 Nc5 43. Nc4+ Ke6 44. Rd6+ Ke7 45. Rxg6 Rd8 46. b4 axb4 47. cxb4 Ne6 48. Ne3 Rd2 49. Bc4 Bc8 50. Bxe6 1-0


[Site "https://www.chess.com"]

[Event "Titled Tuesday Blitz March 22 Late 2022"]
[White "Hakobyan, Aram"]
[Black "Lin, Dachey"]
[WhiteFideId "13306677"]
[BlackFideId "2029650"]
[WhiteElo "2557"]
[BlackElo "2313"]
[Result "1-0"]
[Round "06"]
[TimeControl "180+1"]
[Date "2022.03.22"]
[WhiteClock "0:00:21"]
[BlackClock "0:00:18"]

1. e4 g6 2. d4 Bg7 3. Nf3 c6 4. h3 d5 5. Nc3 dxe4 6. Nxe4 Nd7 7. Bc4 Ngf6 8. Nxf6+ Nxf6 9. Ne5 O-O 10. O-O Nd5 11. Re1 Be6 12. Bb3 a5 13. a4 Qb6 14. Bg5 Rfe8 15. Nc4 Qc7 16. Rxe6 fxe6 17. Qg4 Qd7 18. Nb6 Qd6 19. Nxa8 Rxa8 20. Re1 Kf7 21. c4 Nf6 22. Qe2 Qd7 23. Be3 Rd8 24. Bc2 Qd6 25. Bd2 Rd7 26. Bxa5 Qxd4 27. Qxe6+ Kf8 28. Bc3 Qd6 29. Qe3 Qc7 30. a5 Qd6 31. b4 Qc7 32. Bb3 Qd6 33. Rd1 Qc7 34. Rxd7 Qxd7 35. c5 Qf5 36. Qe6 Qb1+ 37. Kh2 Nd5 38. Bxg7+ Kxg7 39. Bxd5 cxd5 40. Qxe7+ Kh6 41. Qh4+ Kg7 42. Qd4+ Kh6 43. Qf4+ Kg7 44. Qc7+ Kh6 45. Qxb7 Qe4 46. Qf7 d4 47. c6 d3 48. Qf8+ Kh5 49. Qc5+ Kh6 50. c7 d2 51. c8=Q d1=Q 52. Qc1+ Qxc1 53. Qxc1+ Kh5 54. Qc5+ 1-0


[Site "https://www.chess.com"]

[Event "Titled Tuesday Blitz March 22 Late 2022"]
[White "Hamitevici, Vladimir"]
[Black "Muetsch, Annmarie"]
[WhiteFideId "13902393"]
[BlackFideId "12971367"]
[WhiteElo "2359"]
[BlackElo "2249"]
[Result "1-0"]
[Round "06"]
[TimeControl "180+1"]
[Date "2022.03.22"]
[WhiteClock "0:00:32"]
[BlackClock "0:00:29"]

1. a3 d5 2. Nf3 Nd7 3. g3 e5 4. d3 Ngf6 5. Bg2 Bd6 6. O-O O-O 7. Nc3 c6 8. e4 Qc7 9. Nh4 Nb6 10. Bg5 d4 11. Ne2 Ne8 12. f4 f6 13. fxe5 Bxe5 14. Bd2 c5 15. Nf5 Nd6 16. Nf4 Nxf5 17. exf5 Bxf5 18. Nd5 Qd7 19. Rxf5 Nxd5 20. Qf3 Ne3 21. Bxe3 dxe3 22. Qd5+ Qxd5 23. Bxd5+ Kh8 24. c3 Rad8 25. Bc4 a6 26. a4 g6 27. Rf3 e2 28. Re1 Rb8 29. Rxe2 b5 30. axb5 axb5 31. Bxb5 Rxb5 32. Rxe5 Rxb2 33. Rxc5 Kg7 34. Rf2 Rb1+ 35. Kg2 f5 36. d4 Re8 37. Rd2 Ree1 38. d5 Rg1+ 39. Kf2 Rh1 40. Ke3 1-0


[Site "https://www.chess.com"]

[Event "Titled Tuesday Blitz March 22 Late 2022"]
[White "Holt, Conrad"]
[Black "Janaszak, Dawid"]
[WhiteFideId "2034387"]
[BlackFideId "1119206"]
[WhiteElo "2586"]
[BlackElo "2199"]
[Result "1-0"]
[Round "06"]
[TimeControl "180+1"]
[Date "2022.03.22"]
[WhiteClock "0:00:47"]
[BlackClock "0:00:07"]

1. d4 Nf6 2. c4 g6 3. Nc3 Bg7 4. e4 d6 5. Nf3 O-O 6. h3 Nbd7 7. Bd3 e5 8. O-O exd4 9. Nxd4 Re8 10. Bg5 h6 11. Bh4 c6 12. Re1 Qb6 13. Nb3 Ne5 14. Bf1 Be6 15. Qxd6 Bxc4 16. Bxf6 Re6 17. Bxg7 Rxd6 18. Bxe5 Re6 19. Bd4 Qa6 20. Nc5 Qa5 21. Bxc4 Re7 22. a3 b5 23. b4 Qc7 24. Bb3 a5 25. Bf6 Ree8 26. e5 a4 27. Ba2 Rf8 28. e6 Qf4 29. exf7+ Kh7 30. Be5 Qd2 31. N3e4 Qd8 32. Nf6+ Kh8 33. Ne6 1-0


[Site "https://www.chess.com"]

[Event "Titled Tuesday Blitz March 22 Late 2022"]
[White "Ibarra Jerez, Jose Carlos"]
[Black "Artemiev, Vladislav"]
[WhiteFideId "2226332"]
[BlackFideId "24101605"]
[WhiteElo "2626"]
[BlackElo "2811"]
[Result "0-1"]
[Round "06"]
[TimeControl "180+1"]
[Date "2022.03.22"]
[WhiteClock "0:00:26"]
[BlackClock "0:00:11"]

1. e4 e5 2. Nf3 Nc6 3. d4 exd4 4. Nxd4 Bc5 5. Nb3 Bb6 6. Qe2 a5 7. Nc3 a4 8. Nd2 a3 9. Nd5 Bd4 10. c3 Ba7 11. b3 Nge7 12. Bxa3 Bxf2+ 13. Qxf2 Rxa3 14. Bc4 O-O 15. O-O d6 16. Nf3 Ng6 17. Qg3 Nce5 18. Nxe5 Nxe5 19. Be2 Kh8 20. h3 Be6 21. Rf2 Bxd5 22. exd5 Qa8 23. Bf1 Rxb3 24. axb3 Qxa1 25. Kh2 Qa8 26. c4 Qe8 27. b4 b6 28. Rc2 Qe7 29. c5 bxc5 30. bxc5 dxc5 31. Qa3 Qd6 32. Qxc5 Nf3+ 0-1


[Site "https://www.chess.com"]

[Event "Titled Tuesday Blitz March 22 Late 2022"]
[White "Indjic, Aleksandar"]
[Black "Taboas Rodriguez, Daniel"]
[WhiteFideId "911925"]
[BlackFideId "2208466"]
[WhiteElo "2616"]
[BlackElo "2429"]
[Result "1-0"]
[Round "06"]
[TimeControl "180+1"]
[Date "2022.03.22"]
[WhiteClock "0:00:54"]
[BlackClock "0:00:03"]

1. d4 Nf6 2. c4 g6 3. Nc3 Bg7 4. e4 d6 5. Be2 O-O 6. Be3 Nc6 7. Nf3 Bg4 8. d5 Bxf3 9. gxf3 Ne5 10. f4 Ned7 11. h4 e6 12. dxe6 fxe6 13. h5 Qe7 14. hxg6 hxg6 15. Qc2 Kf7 16. O-O-O e5 17. f5 gxf5 18. Bg5 fxe4 19. Nd5 Qd8 20. c5 Nxc5 21. Bxf6 Bxf6 22. Rh7+ Kg8 23. Rxc7 Rc8 24. Rxc8 Qxc8 25. Bc4 Nd3+ 26. Kb1 Kh7 27. f3 Qc5 28. Qg2 Bg7 29. Rh1+ Kg8 30. Ne7# 1-0


[Site "https://www.chess.com"]

[Event "Titled Tuesday Blitz March 22 Late 2022"]
[White "Iskusnyh, Sergei"]
[Black "Babazada, Khazar"]
[WhiteFideId "4120027"]
[BlackFideId "13413554"]
[WhiteElo "2492"]
[BlackElo "2418"]
[Result "0-1"]
[Round "06"]
[TimeControl "180+1"]
[Date "2022.03.22"]
[WhiteClock "0:00:10"]
[BlackClock "0:01:42"]

1. d4 c5 2. d5 e5 3. e4 d6 4. Bb5+ Bd7 5. a4 g6 6. Nf3 Bg7 7. Nc3 Ne7 8. O-O O-O 9. Be2 h6 10. Nd2 f5 11. Nc4 Be8 12. f3 f4 13. Nb5 Rf6 14. Ra3 g5 15. Bd2 h5 16. Ba5 b6 17. Be1 Rg6 18. h3 a6 19. Nc3 Bd7 20. Rb3 Nc8 21. Bf2 Ra7 22. Qd2 Bf8 23. Na5 g4 24. fxg4 hxg4 25. Bxg4 Bxg4 26. hxg4 Rxg4 27. Nc6 Nxc6 28. dxc6 Rag7 29. Rd1 Qg5 30. Kf1 Rxg2 31. Qe1 Qh5 32. Nd5 Kh8 33. Rdd3 Rh2 34. Bg1 Rxg1+ 35. Kxg1 Rh1+ 36. Kg2 Qh2+ 37. Kf3 Rxe1 38. Kg4 Rg1+ 39. Kf5 Qh5+ 40. Ke6 Qe8+ 41. Kf6 Qg6# 0-1


[Site "https://www.chess.com"]

[Event "Titled Tuesday Blitz March 22 Late 2022"]
[White "Jacobson, Aaron"]
[Black "Fieberg, Samuel"]
[WhiteFideId "2089912"]
[BlackFideId "12901717"]
[WhiteElo "2265"]
[BlackElo "2462"]
[Result "1-0"]
[Round "06"]
[TimeControl "180+1"]
[Date "2022.03.22"]
[WhiteClock "0:00:55"]
[BlackClock "0:00:52"]

1. e4 e5 2. d4 exd4 3. Qxd4 Nc6 4. Qd3 g6 5. Nc3 Bg7 6. Bf4 d6 7. O-O-O Be6 8. f3 a6 9. h4 Nb4 10. Qd2 Bxc3 11. bxc3 Nxa2+ 12. Kb2 c6 13. c4 Nb4 14. Qxb4 Qf6+ 15. Qc3 Qxf4 16. Qxh8 O-O-O 17. Ne2 Qe3 18. Qd4 Qh6 19. c5 d5 20. Nc3 Rd7 21. exd5 Bxd5 22. Bc4 Ne7 23. Nxd5 Nxd5 24. Bxd5 Rxd5 25. Qh8+ Kc7 26. Rxd5 cxd5 27. Qf6 Qd2 28. Qxf7+ Kb8 29. Qe8+ Ka7 30. Qa4 d4 31. Qb3 d3 32. Qxd3 Qb4+ 33. Qb3 Qxc5 34. Rd1 Qe5+ 35. Kb1 1-0


[Site "https://www.chess.com"]

[Event "Titled Tuesday Blitz March 22 Late 2022"]
[White "Janturin, Artur"]
[Black "Van den Dikkenberg, Erik"]
[WhiteFideId "4130022"]
[BlackFideId "1005880"]
[WhiteElo "2347"]
[BlackElo "2118"]
[Result "1-0"]
[Round "06"]
[TimeControl "180+1"]
[Date "2022.03.22"]
[WhiteClock "0:00:28"]
[BlackClock "0:00:42"]

1. b3 d5 2. Bb2 Bf5 3. g3 e6 4. Bg2 c5 5. Nf3 Nc6 6. O-O Nf6 7. d3 Be7 8. Nbd2 h6 9. e3 O-O 10. Qe2 Bh7 11. e4 d4 12. Nh4 Nd7 13. Nhf3 Rc8 14. a4 Nb4 15. Nc4 Qc7 16. Bc1 e5 17. Bh3 f6 18. Nh4 Rcd8 19. Qh5 Nxc2 20. Be6+ Kh8 21. Ng6+ Bxg6 22. Qxg6 f5 23. Bxh6 Bf6 24. Bxg7+ Bxg7 25. Qh5+ Bh6 26. Qxh6# 1-0


[Site "https://www.chess.com"]

[Event "Titled Tuesday Blitz March 22 Late 2022"]
[White "Jary, Sergey"]
[Black "Sanal, Vahap"]
[WhiteFideId "14110350"]
[BlackFideId "6300545"]
[WhiteElo "2260"]
[BlackElo "2603"]
[Result "0-1"]
[Round "06"]
[TimeControl "180+1"]
[Date "2022.03.22"]
[WhiteClock "0:02:15"]
[BlackClock "0:02:44"]

1. e4 c5 2. Nf3 Nc6 3. d4 cxd4 4. Nxd4 Nf6 5. Nc3 d6 6. Be3 e6 7. f3 Be7 8. Qd2 O-O 9. O-O-O a6 10. Kb1 Bd7 11. g4 Nxd4 12. Bxd4 Bc6 13. h4 b5 14. h5 b4 15. Ne2 Nd7 16. h6 g6 17. f4 Bxe4 18. Rg1 Rc8 19. Rc1 e5 20. Be3 d5 21. f5 d4 22. Bf2 Bg5 23. Qd1 Bxc1 24. Nxc1 Bxc2+ 0-1


[Site "https://www.chess.com"]

[Event "Titled Tuesday Blitz March 22 Late 2022"]
[White "Jaskolka, Tomasz"]
[Black "Martin Duque, Jesus"]
[WhiteFideId "1170791"]
[BlackFideId "2208954"]
[WhiteElo "2073"]
[BlackElo "2243"]
[Result "0-1"]
[Round "06"]
[TimeControl "180+1"]
[Date "2022.03.22"]
[WhiteClock "0:00:06"]
[BlackClock "0:00:15"]

1. d4 Nf6 2. Bf4 b6 3. e3 Bb7 4. Nf3 g6 5. Nbd2 Bg7 6. Bd3 d6 7. h3 Nbd7 8. Bh2 O-O 9. c3 Re8 10. Qe2 e5 11. dxe5 dxe5 12. e4 Nc5 13. Bc2 Ba6 14. c4 Nh5 15. O-O-O Nf4 16. Bxf4 exf4 17. Nb3 Qe7 18. Rhe1 Na4 19. Nbd4 Qb4 20. Bxa4 Qxa4 21. b3 Qa3+ 22. Kb1 c5 23. Nb5 Bxb5 24. cxb5 Rxe4 25. Qc2 Rxe1 26. Rxe1 Rd8 27. Ne5 Re8 28. Qc3 c4 29. Re4 Qc5 30. Qxc4 Rxe5 31. Qxc5 Rxc5 32. Re8+ Bf8 33. a4 Rc7 34. Kb2 Kg7 35. f3 Bb4 36. Re4 Bc3+ 37. Kc2 g5 38. Kd3 Bf6 39. Re8 Rc3+ 40. Ke4 Rxb3 41. h4 h6 42. hxg5 hxg5 43. Kf5 Rb4 44. Kg4 Rxa4 45. g3 fxg3+ 46. Kxg3 Rb4 47. Ra8 Rxb5 48. Rxa7 Ra5 49. Rb7 b5 50. f4 gxf4+ 51. Kxf4 Bc3 52. Ke4 b4 53. Kd3 Ra1 54. Kc4 Re1 55. Kb3 Kg6 56. Rb6+ f6 57. Rb8 Kg5 58. Rg8+ Kf4 59. Rg2 f5 60. Rf2+ Kg4 61. Rg2+ Kf3 62. Rh2 f4 63. Ka2 Kg3 64. Rh6 f3 65. Rg6+ Kh3 66. Rh6+ Kg2 67. Rg6+ Kf1 68. Rf6 f2 69. Rg6 Re4 70. Kb1 Ke2 71. Rg2 Kf3 72. Rg5 f1=Q+ 73. Kc2 Qe2+ 74. Kb3 Qb2+ 75. Ka4 Qa2+ 76. Kb5 Qc4+ 77. Kb6 Re6+ 78. Kb7 Qc6+ 79. Kb8 Re8+ 80. Ka7 Ra8# 0-1


[Site "https://www.chess.com"]

[Event "Titled Tuesday Blitz March 22 Late 2022"]
[White "Jeet, Jain"]
[Black "Prohorov, Olexandr"]
[WhiteFideId "5073022"]
[BlackFideId "14105578"]
[WhiteElo "2085"]
[BlackElo "1993"]
[Result "1/2-1/2"]
[Round "06"]
[TimeControl "180+1"]
[Date "2022.03.22"]
[WhiteClock "0:00:12"]
[BlackClock "0:00:28"]

1. d4 g6 2. Nf3 Bg7 3. Bf4 Nf6 4. e3 O-O 5. h3 d6 6. c4 b6 7. Be2 Bb7 8. O-O Nbd7 9. Nc3 Qe8 10. Bh2 e5 11. b4 a5 12. a3 Qe7 13. Qc2 Rfe8 14. Rfd1 exd4 15. Nxd4 axb4 16. axb4 Ne4 17. Rxa8 Bxa8 18. Ncb5 c5 19. bxc5 dxc5 20. Nf3 Ne5 21. Ra1 Nxf3+ 22. gxf3 Bxa1 23. fxe4 Bxe4 24. Qa2 Bg7 25. Nd6 Ra8 26. Qd2 Ra1+ 27. Bf1 Qg5+ 28. Bg3 h5 29. Nxe4 Qf5 30. Qd8+ Kh7 31. Ng5+ Kh6 32. Bf4 f6 33. Ne6+ g5 34. Nxg7 Kxg7 35. Qe7+ Kg6 36. Qe8+ Kg7 37. Qe7+ Kg6 38. Qe8+ Kg7 39. Qe7+ 1/2-1/2


[Site "https://www.chess.com"]

[Event "Titled Tuesday Blitz March 22 Late 2022"]
[White "Karttunen, Mika"]
[Black "Kozak, Adam"]
[WhiteFideId "502081"]
[BlackFideId "753246"]
[WhiteElo "2343"]
[BlackElo "2459"]
[Result "0-1"]
[Round "06"]
[TimeControl "180+1"]
[Date "2022.03.22"]
[WhiteClock "0:00:04"]
[BlackClock "0:00:09"]

1. d4 e6 2. c4 d5 3. Nc3 Bb4 4. cxd5 exd5 5. Nf3 c6 6. Bg5 Be7 7. Bf4 Bf5 8. e3 Nd7 9. Bd3 Bg6 10. h3 Ngf6 11. g4 O-O 12. Kf1 Ne4 13. Bxe4 dxe4 14. Nd2 Nf6 15. Qb3 Qd7 16. Nc4 Qe6 17. Ne5 Qxb3 18. axb3 Rfe8 19. h4 h6 20. Nxg6 fxg6 21. g5 Nh5 22. Be5 hxg5 23. hxg5 Bxg5 24. Nxe4 Bf6 25. f4 c5 26. Kf2 cxd4 27. exd4 Rac8 28. Rhc1 Rcd8 29. Ke3 g5 30. Nxg5 Ng3 31. Nf3 Nf5+ 32. Kf2 a6 33. Rc7 Bxe5 34. dxe5 Rd3 35. Rxb7 Rc8 36. Ne1 Rh3 37. e6 Rc6 38. e7 Nd6 39. Rd1 Kf7 40. Ra7 Ne4+ 41. Kg1 Rg3+ 42. Kh2 Rh6# 0-1


[Site "https://www.chess.com"]